 Dungeon Crawl Stone Soup version 0.29-a0-308-g4e025c60ea (webtiles) character file.

Game seed: 2054670548688078003

93 Flugkiller the Caller (level 4, 0/31 (32) HPs)
             Began as a Gnoll Summoner on Mar 28, 2022.
             Succumbed to an adder's poison
             ... on level 2 of the Dungeon.
             The game lasted 00:03:24 (2275 turns).

Flugkiller the Caller (Gnoll Summoner)              Turns: 2275, Time: 00:03:24

HP:   0/31 (32)     AC:  2    Str:  7    XL:     4   Next: 61%
MP:   4/11          EV: 13    Int: 17    God:
Gold: 122           SH:  0    Dex: 12    Spells: 12/13 levels left

rFire   . . .      SeeInvis .   h - +0 short sword
rCold   . . .      Faith    .   (no shield)
rNeg    . . .      Spirit   .   a - +0 robe
rPois   .          Reflect  .   (no helmet)
rElec   .          Harm     .   (no cloak)
rCorr   .          Rampage  .   (no gloves)
Will    .....                   (no boots)
Stlth   ++........              (no amulet)
HPRegen 0.10/turn               (no ring)
MPRegen 0.12/turn               (no ring)

@: lethally poisoned (0 -> -4), lightly drained
A: fangs 1, strong nose, distributed training
a: no special abilities


You were on level 2 of the Dungeon.
You visited 1 branch of the dungeon, and saw 3 of its levels.

You collected 122 gold pieces.

Inventory:

Hand Weapons
 h - a +0 short sword (weapon)
   (You took it off a kobold on level 1 of the Dungeon)
Armour
 a - a +0 robe (worn)
Scrolls
 d - a scroll of blinking {unknown}
 g - 2 scrolls of teleportation {unknown}
 j - a scroll of magic mapping {unknown}
 k - 3 scrolls of fear {unknown}
 m - a scroll of fog {unknown}
 n - a scroll of immolation {unknown}
 o - a scroll of noise {unknown}
 p - 2 scrolls of identify {unknown}
Potions
 b - a potion of magic
 c - 3 potions of invisibility {unknown}
 e - 2 potions of resistance {unknown}
 f - a potion of haste {unknown}
 i - 3 potions of heal wounds {unknown}
 l - a potion of mutation {unknown}


   Skills:
 + Level 1.2 Fighting
 + Level 1.2 Short Blades
 + Level 1.2 Long Blades
 + Level 1.2 Axes
 + Level 1.2 Maces & Flails
 + Level 1.2 Polearms
 + Level 1.2 Staves
 + Level 1.2 Slings
 + Level 1.2 Bows
 + Level 1.2 Crossbows
 + Level 1.2 Throwing
 + Level 1.2 Armour
 + Level 4.6 Dodging
 + Level 4.3 Stealth
 + Level 1.2 Shields
 + Level 1.2 Unarmed Combat
 + Level 5.1 Spellcasting
 + Level 1.0 Conjurations
 + Level 1.0 Hexes
 + Level 7.1 Summonings
 + Level 1.0 Necromancy
 + Level 1.0 Translocations
 + Level 1.0 Transmutations
 + Level 1.0 Fire Magic
 + Level 1.0 Ice Magic
 + Level 1.0 Air Magic
 + Level 1.0 Earth Magic
 + Level 1.0 Poison Magic
 + Level 1.3 Invocations
 + Level 1.2 Evocations


You had 12 spell levels left.
You knew the following spells:

 Your Spells              Type           Power      Damage    Failure   Level
a - Summon Small Mammal   Summ           100%       N/A       1%          1

Your spell library contained the following spells:

 Spells                   Type           Power      Damage    Failure   Level
 Call Imp                 Summ           28%        N/A       1%          2
 Call Canine Familiar     Summ           28%        N/A       2%          3
 Summon Guardian Golem    Hex/Summ       18%        N/A       8%          3
 Slow                     Hex            28%        N/A       10%         1
 Blink                    Tloc           14%        N/A       14%         2
 Summon Ice Beast         Ice/Summ       18%        N/A       26%         4
 Summon Lightning Spire   Summ/Air       18%        N/A       26%         4
 Confusing Touch          Hex            7%         N/A       28%         3
 Frozen Ramparts          Ice            14%        1d3       28%         3
 Lesser Beckoning         Tloc           7%         N/A       28%         3
 Ozocubu's Armour         Ice            7%         N/A       28%         3
 Vampiric Draining        Necr           7%         2d6       28%         3
 Ice Form                 Ice/Tmut       7%         N/A       67%         4
 Manifold Assault         Tloc           7%         N/A       95%         5
 Ozocubu's Refrigeration  Ice            3%         4d5       100%        7


Dungeon Overview and Level Annotations

Branches:
Dungeon (3/15)

Altars:

Annotations:
D:3 Ijyb


Innate Abilities, Weirdness & Mutations

You have very sharp teeth.
Your uncanny sense of smell can sniff out nearby items.
Your experience applies equally to all skills.


Message History

Confirm with . or Enter, or press ? or * to list all spells.
Ijyb screams, "Die!"
You swap places.
Ijyb barely misses your rat.
Your rat bites Ijyb.
Your rat bites Ijyb but does no damage.
Ijyb hits your rat with a +2 dagger of draining.
Your rat dies!
Your rat's corpse disappears in a puff of smoke!
Your rat misses Ijyb.
You see here a scroll labelled VAIS TAYRI.
Casting: Summon Small Mammal (safe; 1% risk of failure)
Confirm with . or Enter, or press ? or * to list all spells.
Ijyb hits your bat with a +2 dagger of draining.
Your rat bites Ijyb.
Your bat barely misses Ijyb.
Casting: Summon Small Mammal (safe; 1% risk of failure)
Confirm with . or Enter, or press ? or * to list all spells.
Your bat misses Ijyb.
Your bat barely misses Ijyb.
Your bat hits Ijyb.
Your bat closely misses Ijyb.
Ijyb hits your bat with a +2 dagger of draining.
Your bat dies!
Your bat's corpse disappears in a puff of smoke!
You swap places.
Casting: Summon Small Mammal (safe; 1% risk of failure)
Confirm with . or Enter, or press ? or * to list all spells.
Ijyb hits your rat with a +2 dagger of draining.
Your rat dies!
Your rat's corpse disappears in a puff of smoke!
An endoplasm comes into view.
Your quokka bites Ijyb but does no damage.
Ijyb hits your quokka with a +2 dagger of draining.
Ijyb drains your quokka.
Your quokka dies!
Your quokka's corpse disappears in a puff of smoke!
Okay, then.
Okay, then.
Casting: Summon Small Mammal (safe; 1% risk of failure)
Confirm with . or Enter, or press ? or * to list all spells.
Casting: Summon Small Mammal (safe; 1% risk of failure)
Confirm with . or Enter, or press ? or * to list all spells.
Ijyb hits your bat with a +2 dagger of draining.
Your bat dies!
Your bat's corpse disappears in a puff of smoke!
Ijyb completely misses your quokka.
Casting: Summon Small Mammal (safe; 1% risk of failure)
Confirm with . or Enter, or press ? or * to list all spells.
You miscast Summon Small Mammal.
You are very lightly contaminated with residual magic.
Nothing appears to happen.
Unknown command.
Unknown command.
Unknown command.
Unknown command.
Unknown command.
Unknown command.
Unknown command.
Casting: Summon Small Mammal (safe; 1% risk of failure)
Confirm with . or Enter, or press ? or * to list all spells.
Ijyb hits your quokka with a +2 dagger of draining!
Your quokka dies!
Your quokka's corpse disappears in a puff of smoke!
Casting: Summon Small Mammal (safe; 1% risk of failure)
Confirm with . or Enter, or press ? or * to list all spells.
Ijyb hits your bat with a +2 dagger of draining.
Your bat dies!
Your bat's corpse disappears in a puff of smoke!
Your quokka bites the endoplasm!
The endoplasm dies!
You swap places.
Your quokka bites Ijyb.
Ijyb hits your quokka with a +2 dagger of draining.
Your quokka closely misses Ijyb.
Your magical contamination has completely faded away.
Your quokka misses Ijyb.
Ijyb screams, "It's all mine!"
Ijyb barely misses your quokka.
Your quokka closely misses Ijyb.
Ijyb hits your quokka with a +2 dagger of draining.
Your quokka barely misses Ijyb.
Ijyb barely misses your quokka.
Your quokka misses Ijyb.
Your quokka bites Ijyb.
Ijyb hits your quokka with a +2 dagger of draining.
Your quokka dies!
Your quokka's corpse disappears in a puff of smoke!
An adder comes into view.
The adder hisses angrily.
The adder bites you.
* * * LOW HITPOINT WARNING * * *
There is a stone staircase leading up here.
The adder barely misses you.
You climb upwards.
There is a stone staircase leading down here.
Unknown command.
Casting: Summon Small Mammal (safe; 1% risk of failure)
Confirm with . or Enter, or press ? or * to list all spells.
The adder bites you.
* * * LOW HITPOINT WARNING * * *
You are lethally poisoned!
The adder poisons you! The adder attacks as you move away!
The adder misses you.
* * * LOW HITPOINT WARNING * * *
You feel sick.
Unknown command.
You die...

####≈≈≈≈≈≈≈####.#.###.#..#.#
#≈≈≈≈≈≈≈≈≈≈≈≈≈#.......#..#.#
≈≈≈≈≈≈≈≈≈≈≈≈≈≈≈≈##.#..#..#^#
≈≈≈≈≈≈≈≈≈≈≈≈≈≈≈≈≈≈<...#.†#.#
≈≈≈≈≈≈###≈≈≈≈≈≈≈≈≈.##.#....#
≈≈≈####....#≈≈≈≈≈≈.##.##.###
#### #....+..≈≈≈≈.##......#
# #....##......#####.#.# #
#....#####@.## #.#.# #
#.......S.r.######.#.# #
#####..(.##..#.##....#.#.# #
#........#...#.##.##.#.#.#
#.######.#.#.#†##.##.#.#.#
#.######.#.#.#.##.#....#r#
###......#.#.#.#.##.######.#
..'......#.....#.##........#
###......##..#.#.###########


You could see an adder (ally target) and a friendly quokka (summoned).

Vanquished Creatures
  An adder (D:2)
  A dart slug (D:1)
  A bat (D:2)
  3 endoplasms (D:2)
  A giant cockroach (D:1)
  3 goblins
  3 hobgoblins
  3 jackals
  5 kobolds
  A quokka (D:1)
  4 ball pythons
  A rat (D:2)
27 creatures vanquished.

Vanquished Creatures (collateral kills)
  A gnoll (D:1)
  An adder (D:2)
  A worm (D:2)
  3 ball pythons (D:1)
  A bat (D:3)
  4 endoplasms
  A giant cockroach (D:1)
  A hobgoblin (D:1)
  3 jackals
  A kobold (D:1)
  4 frilled lizards
  2 goblins
  3 rats
26 creatures vanquished.

Grand Total: 53 creatures vanquished

Notes
Turn   | Place    | Note
-------+----------+-------------------------------------------
     0 | D:1      | Flugkiller the Gnoll Summoner began the quest for the Orb.
     0 | D:1      | Reached XP level 1. HP: 13/13 MP: 6/6
   429 | D:1      | Reached XP level 2. HP: 19/19 MP: 5/7
   674 | D:1      | Reached skill level 5 in Spellcasting
   674 | D:1      | Reached XP level 3. HP: 24/25 MP: 6/9
   835 | D:1      | Reached skill level 1 in Invocations
  1480 | D:2      | Reached skill level 1 in Fighting
  1480 | D:2      | Reached skill level 1 in Short Blades
  1480 | D:2      | Reached skill level 1 in Long Blades
  1480 | D:2      | Reached skill level 1 in Axes
  1480 | D:2      | Reached skill level 1 in Maces & Flails
  1480 | D:2      | Reached skill level 1 in Polearms
  1480 | D:2      | Reached skill level 1 in Staves
  1480 | D:2      | Reached skill level 1 in Slings
  1480 | D:2      | Reached skill level 1 in Bows
  1480 | D:2      | Reached skill level 1 in Crossbows
  1480 | D:2      | Reached skill level 1 in Throwing
  1480 | D:2      | Reached skill level 1 in Armour
  1480 | D:2      | Reached skill level 1 in Shields
  1480 | D:2      | Reached skill level 1 in Unarmed Combat
  1480 | D:2      | Reached skill level 1 in Evocations
  1480 | D:2      | Reached XP level 4. HP: 32/32 MP: 7/11
  1525 | D:2      | Found a faded altar of an unknown god.
  2185 | D:3      | Reached skill level 1 in Conjurations
  2185 | D:3      | Reached skill level 1 in Hexes
  2185 | D:3      | Reached skill level 1 in Necromancy
  2185 | D:3      | Reached skill level 1 in Translocations
  2185 | D:3      | Reached skill level 1 in Transmutations
  2185 | D:3      | Reached skill level 1 in Fire Magic
  2185 | D:3      | Reached skill level 1 in Ice Magic
  2185 | D:3      | Reached skill level 1 in Air Magic
  2185 | D:3      | Reached skill level 1 in Earth Magic
  2185 | D:3      | Reached skill level 1 in Poison Magic
  2203 | D:3      | Noticed Ijyb
  2274 | D:2      | HP: 1/31 [poisoned by an adder]
  2275 | D:2      | Succumbed to an adder's poison

Illustrated notes

Levels and vault maps discovered:
D:1:      giann_horns, layout_loops_cross, minmay_misc_feat_alley,
          corexii_hall_statues_x, minmay_misc_feat_cross
D:2:      wander_river, layout_basic, basic_ecumenical_altar, minmay_bisected
D:3:      layout_basic, worldfamousw_hep_ancestral_shrine, minivault_11,
          minmay_shallow_snake_nest, uniq_ijyb

Skill      XL: |  1  2  3  4 |
---------------+-------------+-----
Spellcasting   | 5 |  5.1
Invocations    | 1 |  1.3
Fighting       | 1 |  1.2
Short Blades   | 1 |  1.2
Long Blades    | 1 |  1.2
Axes           | 1 |  1.2
Maces & Flails | 1 |  1.2
Polearms       | 1 |  1.2
Staves         | 1 |  1.2
Slings         | 1 |  1.2
Bows           | 1 |  1.2
Crossbows      | 1 |  1.2
Throwing       | 1 |  1.2
Armour         | 1 |  1.2
Shields        | 1 |  1.2
Unarmed Combat | 1 |  1.2
Evocations     | 1 |  1.2
Conjurations   | 1 |  1.0
Hexes          | 1 |  1.0
Necromancy     | 1 |  1.0
Translocations | 1 |  1.0
Transmutations | 1 |  1.0
Fire Magic     | 1 |  1.0
Ice Magic      | 1 |  1.0
Air Magic      | 1 |  1.0
Earth Magic    | 1 |  1.0
Poison Magic   | 1 |  1.0
Dodging        | |  4.6
Stealth        | |  4.3
Summonings     | |  7.1

Action                   |  1- 3 |  4- 6 || total
-------------------------+-------+-------++-------
Melee: Unarmed           |    10 |       ||    10
       Short sword       |    42 |    50 ||    92
       Bite              |     4 |     5 ||     9
       Punch             |     1 |       ||     1
 Cast: Summon Small Mamm |    36 |    26 ||    62
 Stab: Sleeping          |     5 |     4 ||     9
       Distracted        |       |     3 ||     3
Armor: Robe              |    11 |     8 ||    19
Dodge: Dodged            |    43 |    52 ||    95

Table legend: (Time is in decaauts)
 A = Elapsed time spent in this place.
 B = Non-inter-level travel time spent in this place.
 C = Inter-level travel time spent in this place.
 D = Time resting spent in this place.
 E = Time spent auto-exploring this place.
 F = Levels seen in this place.
 G = Mean time per level.
                   A        B        C        D        E       F      G
               +--------+--------+--------+--------+--------+-----+--------+
         Total |   2313 |   2267 |     46 |    577 |   1157 |   3 |  771.0 |
       Dungeon |   2313 |   2267 |     46 |    577 |   1157 |   3 |  771.0 |
               +--------+--------+--------+--------+--------+-----+--------+

Top non-repeatable levels by time:
     D:1: 1321 daAuts
     D:2: 897 daAuts
     D:3: 94 daAuts
